 Dungeon Crawl Stone Soup version 0.31.0-12-g77e489cdc1 (webtiles) character file.

Game seed: 11823786557202460830

512 Curundu the Chopper (level 6, -2/84 HPs)
             Began as a Minotaur Berserker on Feb 19, 2024.
             Was a Believer of Trog.
             Splashed by a jelly's acid (6 damage)
             ... on level 4 of the Dungeon.
             The game lasted 00:09:26 (2932 turns).

Curundu the Chopper (Minotaur Berserker)            Turns: 2932, Time: 00:09:29

Health: -2/84      AC: -3    Str: 23    XL:     6   Next: 99%
Magic:  5/5        EV: 11    Int:  4    God:    Trog [**....]
Gold:   157        SH:  0    Dex: 10    Spells: 5/5 levels left

rFire   . . .        o - +0 war axe
rCold   . . .        (no shield)
rNeg    . . .        m - +0 scale mail
rPois   .            c - +0 hat {Will+}
rElec   .            p - +0 cloak
rCorr   .            (no gloves)
SInv    .            (no boots)
Will    +....        (no amulet) Stlth
                     (no ring)
HPRegen 0.34/turn    (no ring)
MPRegen 0.09/turn

%: no passive effects
@: berserking, corroded, very quick
A: horns 2, retaliatory headbutt
a: Renounce Religion, Berserk, Trog's Hand


You were on level 4 of the Dungeon.
You worshipped Trog.
Trog was pleased with you.
You visited 1 branch of the dungeon, and saw 4 of its levels.

You collected 157 gold pieces.

Inventory:

Hand Weapons
 o - a +0 war axe (weapon)
Missiles
 n - 5 boomerangs (quivered)
Armour
 b - a +1 hat
 c - a +0 hat of willpower (worn)
 m - a +0 scale mail (worn)
 p - a +0 cloak (worn)
Wands
 l - a wand of polymorph (5)
Scrolls
 a - a scroll of fear {unknown}
 g - 3 scrolls of poison
 h - a scroll of enchant weapon
 i - 2 scrolls of immolation
 j - 3 scrolls of noise
 k - a scroll of vulnerability
 q - a scroll of teleportation
 r - a scroll of amnesia
Potions
 d - 2 potions of attraction
 e - a potion of cancellation
 f - a potion of heal wounds {unknown}


   Skills:
 + Level 5.4 Fighting
 + Level 6.5 Axes
 + Level 5.0 Armour
 + Level 3.5 Dodging
 + Level 0.4 Stealth


You had 5 spell levels left.
You didn't know any spells.
Your spell library was empty.

Dungeon Overview and Level Annotations

Branches:
Dungeon (4/15)
 Temple: D:4-7

Altars:

Shops:
D:1 ?   D:3 !


Innate Abilities, Weirdness & Mutations

You have a pair of horns on your head.
You reflexively headbutt those who attack you in melee.


Message History

The ball python closely misses you. The ball python misses you.
You hit the ogre.
The ogre is heavily wounded.
You closely miss the ball python.
The ball python bites you but does no damage.
The ball python grabs you. The ball python constricts you.
The ogre hits you with a +0 giant club!!
You hit the ogre. You headbutt the ogre.
The ogre is almost dead.
You slash the ball python!
You kill the ball python!
Trog accepts your kill. The ogre closely misses you.
You slash the ogre!
You kill the ogre!
Trog accepts your kill.
Your Armour skill increases to level 5!
A jelly comes into view.
Found a stone staircase leading down.
The jelly hits you.
You are splashed with acid!
You hit the jelly. The acid corrodes you!
Your hands burn!
* * * LOW HITPOINT WARNING * * *
The jelly is lightly wounded.
The jelly closely misses you. x2
You hit the jelly. The acid corrodes you!
Your hands burn!
* * * LOW HITPOINT WARNING * * *
The jelly is moderately wounded.
The jelly closely misses you.
A red film seems to cover your vision as you go berserk!
You feel yourself moving faster!
You feel mighty! The jelly hits you.
* * * LOW HITPOINT WARNING * * *
You are splashed with acid!
* * * LOW HITPOINT WARNING * * *
You hit the jelly.
Your hands burn!
* * * LOW HITPOINT WARNING * * *
The jelly is heavily wounded.
The jelly hits you.
* * * LOW HITPOINT WARNING * * *
The acid corrodes you!
You are splashed with acid.
You die...

......##
..##..........####
.###.#..... #....#..##
....... ..###....#...#
.>..... #..#.........#
.......##............###
...........##....[.†..#.
............##..#.##....
......J@........#.......
..........)..#.....#....
#.........)†##....###...
#.......#...............
........#...##..........
........................
..............#.........
##............###..#....
###.......#.......#....


You could see a jelly.

Vanquished Creatures
  The ghost of Caestello the Ruffian, an amateur FoSh of Uskayaw (D:3)
  An ogre (D:4)
  A scorpion (D:4)
  Crazy Yiuf (D:3)
  An orc priest (D:3)
  Terence (D:2)
  An orc wizard (D:3)
  Robin (D:3)
  6 adders
  2 dart slugs (D:4)
  A ribbon worm (D:2)
  2 orcs (D:3)
  6 ball pythons
  3 bats
  4 endoplasms
  4 giant cockroaches
  11 goblins
  5 hobgoblins
  A jackal (D:2)
  A quokka (D:2)
  A frilled lizard (D:2)
  6 kobolds
  4 rats
65 creatures vanquished.

Notes
Turn   | Place    | Note
-------+----------+-------------------------------------------
     0 | D:1      | Curundu the Minotaur Berserker began the quest for the Orb.
     0 | D:1      | Reached XP level 1. HP: 19/19 MP: 0/0
   214 | D:1      | Reached skill level 4 in Axes
   214 | D:1      | Reached XP level 2. HP: 26/27 MP: 1/1
   220 | D:1      | Found Plog's Magic Scroll Shop.
   642 | D:2      | Noticed Terence
   651 | D:2      | Reached XP level 3. HP: 32/33 MP: 2/2
   656 | D:2      | Killed Terence
   825 | D:2      | Noticed a great orb of eyes
   827 | D:2      | Found a faded altar of an unknown god.
   829 | D:2      | Noticed a great orb of eyes
   829 | D:2      | Noticed a great orb of eyes
   829 | D:2      | Noticed a great orb of eyes
  1095 | D:2      | Reached XP level 4. HP: 41/41 MP: 3/3
  1662 | D:3      | Found Ceguuc's Distillery.
  1674 | D:3      | Reached ** piety under Trog
  1688 | D:3      | Reached skill level 5 in Axes
  1688 | D:3      | Reached XP level 5. HP: 13/47 MP: 4/4
  1962 | D:3      | Found a runed translucent door.
  1962 | D:3      | Noticed Caestello's ghost (amateur FoSh)
  1979 | D:3      | Killed Caestello's ghost
  1980 | D:3      | Reached skill level 5 in Fighting
  1980 | D:3      | Reached XP level 6. HP: 28/56 MP: 5/5
  2444 | D:3      | Noticed Robin
  2459 | D:3      | Killed Robin
  2657 | D:3      | Found a runed translucent door.
  2658 | D:3      | Noticed Crazy Yiuf
  2665 | D:3      | Killed Crazy Yiuf
  2666 | D:3      | Reached skill level 6 in Axes
  2921 | D:4      | Reached skill level 5 in Armour
  2932 | D:4      | HP: 4/84 [jelly (3)]
  2932 | D:4      | Splashed by a jelly's acid

Illustrated notes

Levels and vault maps discovered:
D:1:      mrwooster_arrival_statue, layout_rooms, serial_shops, shop,
          chequers_mini_garden
D:2:      minmay_recursive_quarters, layout_loops_ring,
          hellmonk_ecumenical_altar_watching_god, uniq_terence
D:3:      layout_loops_cross, serial_shops, shop, gammafunk_ghost_grave,
          uniq_robin, uniq_crazy_yiuf_cottage
D:4:      layout_cave_pools, grunt_ministairs_13

Skill      XL: |  1  2  3  4  5  6 |
---------------+-------------------+-----
Axes           | 4 5 6 |  6.5
Armour         | 3 4 5 |  5.0
Fighting       | 4 5 |  5.4
Dodging        | 3 |  3.5
Stealth        | |  0.4

Action                     |  1- 3 |  4- 6 || total
---------------------------+-------+-------++-------
  Melee: Hand axe          |    58 |    17 ||    75
         Headbutt          |     3 |    19 ||    22
         War axe           |       |    70 ||    70
         Punch             |       |     1 ||     1
 Invoke: Berserk           |     1 |     3 ||     4
         Trog's Hand       |       |     2 ||     2
    Use: Scroll            |       |     9 ||     9
         Potion            |       |     3 ||     3
 Armour: Animal skin       |    26 |       ||    26
         Scale mail        |    13 |    78 ||    91
  Dodge: Dodged            |    42 |    49 ||    91
